 Dungeon Sprint DCSS version 0.28.0-62-gf88900778d (webtiles) character file.

Game seed: 11543298439233051281

10 cbfl8 the Chopper (level 2, -2/28 HPs)
             Began as a Minotaur Berserker on Jan 14, 2024.
             Was a Follower of Trog.
             Killed from afar by an oklob sapling (30 damage)
             ... with a splash of acid
             ... in the Dungeon (Sprint IV: "Fedhas' Mad Dash").
             The game lasted 00:00:17 (261 turns).

cbfl8 the Chopper (Minotaur Berserker)               Turns: 261, Time: 00:00:17

Health: -2/28      AC:  2    Str: 21    XL:     2   Next: 10%
Magic:  1/1        EV: 12    Int:  4    God:    Trog [*.....]
Gold:   0          SH:  0    Dex:  9    Spells: 1/1 levels left

rFire   . . .      SeeInvis .   a - +0 hand axe
rCold   . . .      Faith    .   (no shield)
rNeg    . . .      Spirit   .   b - +0 animal skin
rPois   .          Reflect  .   (helmet restricted)
rElec   .          Harm     .   (no cloak)
rCorr   .          Rampage  .   (no gloves)
Will    .....      NoTele   +   (no boots)
Stlth   +.........              (no amulet)
HPRegen 0.09/turn               (no ring)
MPRegen 0.07/turn               (no ring)

@: no status effects
A: horns 2, retaliatory headbutt
a: Renounce Religion, Berserk


You were in the Dungeon.
You worshipped Trog.
Trog was aware of your devotion.
You visited 1 branch

Inventory:

Hand Weapons
 a - a +0 hand axe (weapon)
Armour
 b - a +0 animal skin (worn)
Scrolls
 h - a scroll of blinking
Potions
 c - a potion of curing
 d - 2 potions of heal wounds
 e - a potion of haste
 f - 2 potions of magic
 g - a potion of berserk rage


   Skills:
 + Level 4.7 Fighting
 + Level 4.8 Axes
 + Level 2.8 Armour
 - Level 2.1 Dodging
 * Level 1.4 Evocations


You had one spell level left.
You didn't know any spells.
Your spell library was empty.

Dungeon Overview and Level Annotations

Branches:
Dungeon (1/1)

Altars:


Innate Abilities, Weirdness & Mutations

You have a pair of horns on your head.
You reflexively headbutt those who attack you in melee.


Message History

A rat and a river rat come into view.
Found a potion of heal wounds.
There is an open door here.
The river rat bites you.
You barely miss the river rat. You closely miss the rat.
The river rat bites you. The rat closely misses you.
You closely miss the river rat. You closely miss the rat.
The river rat bites you. The rat bites you.
You closely miss the river rat. Your headbutt misses the river rat.
You hit the rat. The river rat barely misses you.
The rat completely misses you.
Unknown command.
You hit the river rat. Your headbutt misses the river rat.
The river rat is moderately wounded.
You hit the rat.
You kill the rat!
Trog accepts your kill. The river rat barely misses you.
You hit the river rat. You headbutt the river rat.
The river rat is heavily wounded.
The river rat bites you.
* * * LOW HITPOINT WARNING * * *
The river rat closely misses you. You furiously retaliate!
You headbutt the river rat, but do no damage.
You hit the river rat.
You kill the river rat!
Trog accepts your kill.
Your Fighting skill increases to level 4!
Your Axes skill increases to level 4!
Your Evocations skill increases to level 1!
You have reached level 2!
d - 2 potions of heal wounds (gained 1)
You start resting.
HP restored.
You open the door.
An oklob sapling comes into view.
The oklob sapling spits acid at you. The splash of acid hits you!!
Ouch! That really hurt!
You die...

############ #####
#<...#.รท...#.$$$$#
#....'....@'.#
#P...#.....#P#
############ #


You could see an oklob sapling.

Vanquished Creatures
  A river rat (D)
  A rat (D)
2 creatures vanquished.

Vanquished Creatures (others)
  6 fungi (D)
6 creatures vanquished.

Grand Total: 8 creatures vanquished

Notes
Turn   | Place    | Note
-------+----------+-------------------------------------------
     0 | D        | cbfl8 the Minotaur Berserker began the quest for the Orb.
     0 | D        | Reached XP level 1. HP: 19/19 MP: 0/0
    23 | D        | Reached skill level 1 in Evocations
    23 | D        | Reached XP level 2. HP: 6/28 MP: 1/1
   261 | D        | Noticed an oklob sapling
   261 | D        | Killed from afar by an oklob sapling

Illustrated notes

Levels and vault maps discovered:
D:        dungeon_sprint_fedhas [sprint_temple]

Skill      XL: |  1 |
---------------+----+-----
Fighting       | 4 |  4.7
Axes           | 4 |  4.8
Evocations     | 1 |  1.4
Armour         | |  2.8
Dodging        | |  2.1

Action                   || total
-------------------------++-------
Melee: Hand axe          ||    14
       Headbutt          ||     3
Dodge: Dodged            ||     5
